[ AOE2 MATCH · #513744845 ]
UnrankedKhmer vs Mongols
Player's team · LOSS
Rival team · WIN
[ REPLAY ANALYSIS · EXTRACTED FROM THE RECORDED GAME ]
Feudal
8:10
Castle
10:50
Imperial
27:27
| APM avg | 46.8 |
| APM peak | 93 |
| eAPM avg | 36.0 |
| Villagers / military | 270 / 261 |
Focus
⚔️ 36.2% · 🌾 63.8%
Scout Cavalry ×146 · Scorpion ×79 · Ballista Elephant ×11 · Monk ×9 · Mangonel ×9 · Trebuchet (Packed) ×7
Feudal
7:39
Castle
11:09
Imperial
26:58
| APM avg | 46.5 |
| APM peak | 99 |
| eAPM avg | 31.1 |
| Villagers / military | 193 / 164 |
Focus
⚔️ 46.8% · 🌾 53.2%
Scout Cavalry ×71 · Mangudai ×64 · Trade Cart ×52 · Mangonel ×12 · Monk ×11 · Trebuchet (Packed) ×6
Match map
Initial resources + every placement click. Lines = walls · curves = elevation contours. ◆ gold · ⬟ stone · ● berries · ✦ relic · ◌ wall gap
Your base· ✓ Map-separated
北冥有鲲's base· ✓ Map-separated
Smoothed initial terrain · ◌ = detected wall gap · hover for details
Inputs per minute
— Nacional - - 北冥有鲲
Build order — Nacional
First 150 of 750 actions detected
| 0:06 | Build | House |
| 0:08 | Build | House |
| 0:10 | Queue | Villager (Male) |
| 0:10 | Queue | Villager (Male) |
| 0:11 | Queue | Villager (Male) |
| 0:11 | Queue | Villager (Male) |
| 0:23 | Build | Lumber Camp |
| 0:52 | Queue | Villager (Male) |
| 0:52 | Queue | Villager (Male) |
| 1:33 | Queue | Villager (Male) |
| 1:39 | Queue | Villager (Male) |
| 1:39 | Queue | Villager (Male) |
| 2:21 | Queue | Villager (Male) |
| 2:21 | Queue | Villager (Male) |
| 2:45 | Queue | Villager (Male) |
| 3:20 | Queue | Villager (Male) |
| 3:20 | Queue | Villager (Male) |
| 3:30 | Queue | Villager (Male) |
| 3:30 | Queue | Villager (Male) |
| 3:36 | Queue | Villager (Male) |
| 3:36 | Queue | Villager (Male) |
| 3:41 | Queue | Villager (Male) |
| 3:41 | Queue | Villager (Male) |
| 3:50 | Build | Mill |
| 4:52 | Build | Mining Camp |
| 5:33 | Build | Mining Camp |
| 5:48 | Research | Feudal Age |
| 7:03 | Queue | Villager (Male) |
| 8:10 | Age | Feudal Age |
| 8:10 | Research | Castle Age |
| 8:10 | Research | Castle Age |
| 8:11 | Research | Castle Age |
| 8:40 | Research | Double-Bit Axe |
| 8:43 | Build | House |
| 8:51 | Build | House |
| 8:51 | Build | House |
| 9:16 | Research | Horse Collar |
| 10:04 | Queue | Villager (Male) |
| 10:50 | Age | Castle Age |
| 10:57 | Build | Castle |
| 11:00 | Research | Bow Saw |
| 11:13 | Build | Farm |
| 11:18 | Build | Farm |
| 11:20 | Build | Farm |
| 11:22 | Build | Farm |
| 11:24 | Build | Farm |
| 11:27 | Build | Farm |
| 11:36 | Build | Farm |
| 11:45 | Build | Farm |
| 11:47 | Queue | Villager (Male) |
| 12:08 | Queue | Villager (Male) |
| 12:15 | Build | Farm |
| 12:15 | Build | Farm |
| 12:18 | Build | Farm |
| 12:24 | Queue | Villager (Male) |
| 12:36 | Build | Farm |
| 12:49 | Queue | Ballista Elephant |
| 13:01 | Queue | Villager (Male) |
| 13:12 | Queue | Villager (Male) |
| 13:40 | Queue | Villager (Male) |
| 13:42 | Build | Farm |
| 13:44 | Build | Farm |
| 13:57 | Queue | Ballista Elephant |
| 14:05 | Queue | Ballista Elephant |
| 14:06 | Queue | Ballista Elephant |
| 14:14 | Queue | Villager (Male) |
| 14:46 | Queue | Villager (Male) |
| 14:56 | Queue | Villager (Male) |
| 14:59 | Queue | Villager (Male) |
| 15:10 | Build | Siege Workshop |
| 15:11 | Queue | Ballista Elephant |
| 15:11 | Queue | Ballista Elephant |
| 15:12 | Queue | Ballista Elephant |
| 15:16 | Queue | Villager (Male) |
| 15:31 | Queue | Villager (Male) |
| 15:49 | Research | Loom |
| 15:55 | Queue | Villager (Male) |
| 16:06 | Build | House |
| 16:06 | Build | House |
| 16:10 | Queue | Villager (Male) |
| 16:13 | Queue | Villager (Male) |
| 16:29 | Queue | Mangonel |
| 16:30 | Queue | Villager (Male) |
| 16:31 | Queue | Villager (Male) |
| 16:39 | Build | Monastery |
| 16:51 | Queue | Villager (Male) |
| 16:52 | Queue | Villager (Male) |
| 16:57 | Research | Loom |
| 17:00 | Queue | Villager (Male) |
| 17:03 | Research | Wheelbarrow |
| 17:13 | Build | House |
| 17:24 | Queue | Villager (Male) |
| 17:49 | Build | House |
| 17:50 | Queue | Villager (Male) |
| 17:51 | Queue | Villager (Male) |
| 18:07 | Queue | Villager (Male) |
| 18:08 | Queue | Villager (Male) |
| 18:23 | Build | House |
| 18:26 | Queue | Villager (Male) |
| 18:26 | Queue | Villager (Male) |
| 18:47 | Queue | Villager (Male) |
| 19:00 | Build | Castle |
| 19:01 | Queue | Villager (Male) |
| 19:01 | Queue | Villager (Male) |
| 19:09 | Queue | Villager (Male) |
| 19:09 | Queue | Villager (Male) |
| 19:11 | Queue | Villager (Male) |
| 19:12 | Queue | Villager (Male) |
| 19:14 | Queue | Mangonel |
| 19:18 | Research | Devotion |
| 19:31 | Build | Mining Camp |
| 19:32 | Queue | Villager (Male) |
| 19:33 | Queue | Villager (Male) |
| 19:51 | Queue | Mangonel |
| 19:51 | Queue | Mangonel |
| 20:03 | Queue | Villager (Male) |
| 20:12 | Queue | Ballista Elephant |
| 20:13 | Queue | Ballista Elephant |
| 20:15 | Queue | Villager (Male) |
| 20:15 | Queue | Villager (Male) |
| 20:25 | Queue | Monk |
| 20:39 | Queue | Villager (Male) |
| 20:47 | Build | Town Center |
| 20:51 | Queue | Villager (Male) |
| 21:10 | Queue | Villager (Male) |
| 21:10 | Queue | Villager (Male) |
| 21:15 | Queue | Villager (Male) |
| 21:15 | Queue | Villager (Male) |
| 21:26 | Queue | Villager (Male) |
| 21:26 | Queue | Villager (Male) |
| 21:30 | Queue | Mangonel |
| 21:30 | Queue | Mangonel |
| 21:40 | Queue | Villager (Male) |
| 21:40 | Queue | Villager (Male) |
| 21:54 | Queue | Villager (Male) |
| 21:54 | Queue | Villager (Male) |
| 22:00 | Queue | Villager (Male) |
| 22:00 | Queue | Villager (Male) |
| 22:53 | Build | Gate |
| 22:58 | Build | Market |
| 23:22 | Build | Gate |
| 23:27 | Build | Lumber Camp |
| 24:17 | Research | Imperial Age |
| 24:18 | Research | Imperial Age |
| 24:54 | Queue | Villager (Male) |
| 24:54 | Queue | Villager (Male) |
| 24:59 | Build | Town Center |
| 25:06 | Research | Heavy Plow |
| 25:09 | Build | Farm |
| 25:12 | Build | Farm |
Build order — 北冥有鲲
First 150 of 643 actions detected
| 0:02 | Research | Loom |
| 0:04 | Build | House |
| 0:05 | Build | House |
| 0:21 | Build | House |
| 0:29 | Queue | Villager (Male) |
| 0:29 | Queue | Villager (Male) |
| 0:30 | Queue | Villager (Male) |
| 0:30 | Queue | Villager (Male) |
| 0:30 | Queue | Villager (Male) |
| 0:37 | Build | Lumber Camp |
| 0:58 | Queue | Villager (Male) |
| 0:58 | Queue | Villager (Male) |
| 1:34 | Queue | Villager (Male) |
| 1:34 | Queue | Villager (Male) |
| 2:00 | Queue | Villager (Male) |
| 2:00 | Queue | Villager (Male) |
| 2:29 | Queue | Villager (Male) |
| 2:29 | Queue | Villager (Male) |
| 2:31 | Build | Mill |
| 2:58 | Queue | Villager (Male) |
| 3:10 | Queue | Villager (Male) |
| 3:28 | Queue | Villager (Male) |
| 3:28 | Queue | Villager (Male) |
| 3:28 | Queue | Villager (Male) |
| 3:38 | Queue | Villager (Male) |
| 3:39 | Queue | Villager (Male) |
| 4:05 | Queue | Villager (Male) |
| 4:06 | Queue | Villager (Male) |
| 4:17 | Queue | Villager (Male) |
| 4:17 | Queue | Villager (Male) |
| 4:36 | Queue | Villager (Male) |
| 4:37 | Queue | Villager (Male) |
| 4:44 | Queue | Villager (Male) |
| 4:44 | Queue | Villager (Male) |
| 5:08 | Build | Mining Camp |
| 5:27 | Research | Feudal Age |
| 7:16 | Queue | Villager (Male) |
| 7:39 | Age | Feudal Age |
| 7:45 | Build | Market |
| 7:48 | Build | Blacksmith |
| 7:56 | Queue | Villager (Male) |
| 7:59 | Research | Double-Bit Axe |
| 7:59 | Research | Double-Bit Axe |
| 8:25 | Research | Castle Age |
| 8:51 | Build | Lumber Camp |
| 9:12 | Research | Horse Collar |
| 9:12 | Research | Horse Collar |
| 10:17 | Queue | Villager (Male) |
| 11:09 | Age | Castle Age |
| 11:11 | Build | Town Center |
| 11:14 | Queue | Villager (Male) |
| 11:17 | Build | Town Center |
| 11:27 | Research | Bow Saw |
| 11:27 | Research | Bow Saw |
| 11:44 | Queue | Villager (Male) |
| 11:58 | Build | Farm |
| 12:06 | Queue | Villager (Male) |
| 12:11 | Build | House |
| 12:13 | Build | House |
| 12:22 | Build | Farm |
| 12:28 | Queue | Villager (Male) |
| 12:37 | Build | Farm |
| 12:39 | Build | Farm |
| 12:49 | Build | Farm |
| 12:50 | Queue | Villager (Male) |
| 12:54 | Queue | Villager (Male) |
| 12:56 | Build | Farm |
| 13:01 | Build | Farm |
| 13:02 | Queue | Villager (Male) |
| 13:05 | Queue | Villager (Male) |
| 13:05 | Queue | Villager (Male) |
| 13:05 | Queue | Villager (Male) |
| 13:16 | Build | Farm |
| 13:19 | Build | Farm |
| 13:28 | Queue | Villager (Male) |
| 13:41 | Build | Outpost |
| 13:43 | Build | Outpost |
| 13:48 | Build | Farm |
| 13:50 | Build | Farm |
| 13:51 | Queue | Villager (Male) |
| 13:51 | Queue | Villager (Male) |
| 13:53 | Build | Farm |
| 14:01 | Build | Farm |
| 14:05 | Build | Farm |
| 14:12 | Build | Farm |
| 14:15 | Queue | Villager (Male) |
| 14:15 | Queue | Villager (Male) |
| 14:20 | Queue | Villager (Male) |
| 14:21 | Queue | Villager (Male) |
| 14:37 | Build | Outpost |
| 14:38 | Build | Outpost |
| 14:39 | Queue | Villager (Male) |
| 14:42 | Queue | Villager (Male) |
| 14:45 | Build | Farm |
| 14:51 | Build | Farm |
| 14:52 | Queue | Villager (Male) |
| 14:52 | Queue | Villager (Male) |
| 15:01 | Build | Farm |
| 15:01 | Queue | Villager (Male) |
| 15:02 | Queue | Villager (Male) |
| 15:12 | Build | House |
| 15:13 | Build | House |
| 15:13 | Queue | Villager (Male) |
| 15:14 | Queue | Villager (Male) |
| 15:20 | Build | Monastery |
| 15:21 | Queue | Villager (Male) |
| 15:21 | Queue | Villager (Male) |
| 15:22 | Queue | Villager (Male) |
| 15:25 | Build | Farm |
| 15:29 | Queue | Villager (Male) |
| 15:30 | Queue | Villager (Male) |
| 15:33 | Build | Farm |
| 15:42 | Queue | Villager (Male) |
| 15:43 | Queue | Villager (Male) |
| 15:47 | Queue | Villager (Male) |
| 15:47 | Queue | Villager (Male) |
| 15:54 | Build | Outpost |
| 15:54 | Queue | Villager (Male) |
| 15:54 | Queue | Villager (Male) |
| 15:55 | Queue | Villager (Male) |
| 16:00 | Queue | Villager (Male) |
| 16:00 | Queue | Villager (Male) |
| 16:00 | Queue | Villager (Male) |
| 16:02 | Build | House |
| 16:04 | Queue | Monk |
| 16:07 | Build | Farm |
| 16:12 | Queue | Villager (Male) |
| 16:13 | Queue | Villager (Male) |
| 16:17 | Queue | Villager (Male) |
| 16:18 | Queue | Villager (Male) |
| 16:24 | Queue | Villager (Male) |
| 16:25 | Queue | Villager (Male) |
| 16:32 | Build | Farm |
| 16:32 | Queue | Villager (Male) |
| 16:33 | Queue | Villager (Male) |
| 16:38 | Build | Town Center |
| 16:41 | Queue | Villager (Male) |
| 16:50 | Build | Farm |
| 16:53 | Build | House |
| 16:53 | Queue | Villager (Male) |
| 16:54 | Queue | Villager (Male) |
| 16:54 | Queue | Villager (Male) |
| 16:59 | Build | Outpost |
| 17:01 | Build | Outpost |
| 17:04 | Build | Outpost |
| 17:05 | Queue | Villager (Male) |
| 17:05 | Queue | Villager (Male) |
| 17:05 | Queue | Villager (Male) |
| 17:12 | Build | Farm |
| 17:16 | Build | House |
Match timeline
| 7:39 | 北冥有鲲 · age_up feudal |
| 8:10 | Nacional · age_up feudal |
| 10:50 | Nacional · age_up castle |
| 10:57 | Nacional · first_building Castle |
| 11:09 | 北冥有鲲 · age_up castle |
| 15:10 | Nacional · first_building Siege Workshop |
| 15:20 | 北冥有鲲 · first_building Monastery |
| 16:39 | Nacional · first_building Monastery |
| 18:41 | 北冥有鲲 · first_building Siege Workshop |
| 21:29 | 北冥有鲲 · first_building Castle |
| 23:53 | Nacional · first_market_sell 100 stone |
| 26:58 | 北冥有鲲 · age_up imperial |
| 27:27 | Nacional · age_up imperial |
| 28:53 | 北冥有鲲 · first_building Barracks |
| 29:47 | 北冥有鲲 · first_building Stable |
| 33:07 | 北冥有鲲 · first_building Archery Range |
| 33:25 | Nacional · first_market_buy 100 stone |
| 33:41 | 北冥有鲲 · wall_segment Stone Wall x1 |
| 35:02 | 北冥有鲲 · wall_segment Stone Wall x7 |
| 35:03 | Nacional · first_building Barracks |
| 35:09 | 北冥有鲲 · wall_segment Stone Wall x7 |
| 36:06 | Nacional · first_building Stable |
| 37:36 | 北冥有鲲 · wall_segment Stone Wall x1 |
| 37:42 | 北冥有鲲 · wall_segment Stone Wall x2 |
| 38:55 | 北冥有鲲 · wall_segment Stone Wall x30 |
| 38:58 | 北冥有鲲 · wall_segment Stone Wall x9 |
| 39:08 | 北冥有鲲 · first_market_buy 500 stone |
| 44:14 | 北冥有鲲 · wall_segment Stone Wall x5 |
| 44:17 | 北冥有鲲 · wall_segment Stone Wall x8 |
| 44:22 | 北冥有鲲 · wall_segment Stone Wall x10 |
| 48:09 | 北冥有鲲 · wall_segment Stone Wall x1 |
| 48:17 | 北冥有鲲 · wall_segment Stone Wall x1 |
| 48:42 | 北冥有鲲 · wall_segment Stone Wall x1 |
| 48:44 | 北冥有鲲 · wall_segment Stone Wall x8 |
| 48:54 | 北冥有鲲 · wall_segment Stone Wall x1 |
| 48:55 | 北冥有鲲 · wall_segment Stone Wall x1 |
| 48:56 | 北冥有鲲 · wall_segment Stone Wall x1 |
| 48:56 | 北冥有鲲 · wall_segment Stone Wall x1 |
| 51:02 | Nacional · resign |
[ AI ANALYSIS · 1 CREDIT ]
What really happened in this match?
Wolo.gg analyzes every decision: build order, eco, micro, common mistakes by bracket. Personalized analysis on WhatsApp or Discord in 30 seconds.
Civ guide
Khmer
Perfil
Nacional